 Dungeon Crawl Stone Soup version 0.20.1-1-g8b1a95d (webtiles) character file.

1354 bebealien the Cleaver (level 8, 0/71 HPs)
             Began as a Minotaur Monk on Aug 31, 2017.
             Was a Believer of the Shining One.
             Slain by an orc knight
             ... wielding a +0 halberd
              (25 damage)
             ... in a bailey.
             The game lasted 00:19:05 (4141 turns).

bebealien the Cleaver (Minotaur Monk)               Turns: 4141, Time: 00:19:05

Health: 0/71       AC: 14    Str: 15 (17) XL:     8   Next: 37%
Magic:  7/7        EV:  7    Int:  7      God:    the Shining One [**....]
Gold:   211        SH: 14    Dex: 18 (19) Spells: 7/7 levels left

rFire    x . .     SeeInvis .   a - +0 hand axe
rCold    + . .     Gourm    .   j - +0 large shield
rNeg     + + .     Faith    .   u - +0 plate armour
rPois    .         Spirit   .   (helmet restricted)
rElec    .         Reflect  .   f - +0 cloak
rCorr    .         Harm     .   (no gloves)
MR       .....                  p - +0 pair of boots
Stlth    ..........             (no amulet)
Regen    0.3/turn               i - ring of positive energy
MPRegen  0.1/turn               d - ring of ice

@: agile, glowing
A: retaliatory headbutt, horns 2, deterioration 1, mutation resistance 1
a: Divine Shield, Renounce Religion


You were in a bailey.
You worshipped the Shining One.
The Shining One was pleased with you.
You were not hungry.

You visited 2 branches of the dungeon, and saw 8 of its levels.
You also visited: Bailey.

You collected 211 gold pieces.

Inventory:

Hand Weapons
 a - a +0 hand axe (weapon)
 l - a +3 glaive
Armour
 f - a +0 cloak (worn)
 g - a +1 scale mail of fire resistance
 j - a +0 large shield (worn)
 p - a +0 pair of boots (worn)
 u - a +0 plate armour (worn)
Jewellery
 d - a ring of ice (right hand)
 i - a ring of positive energy (left hand)
Wands
 t - a wand of lightning (5/15)
Scrolls
 n - a scroll of magic mapping
 w - a scroll of teleportation
Potions
 h - 2 potions of mutation
 k - a potion of flight
 s - a potion of ambrosia
Books
 y - a book of Necromancy

   Spells                             Type                      Level
   a - Pain                           Necromancy                   1
   b - Animate Skeleton               Necromancy                   1
   c - Vampiric Draining              Necromancy                   3
   d - Regeneration                   Charms/Necromancy            3
   e - Animate Dead                   Necromancy                   4
   f - Control Undead                 Necromancy                   4
   The Shining One disapproves of the use of such an item.
Comestibles
 b - 5 fruits
 c - 8 bread rations
 m - 4 meat rations
 v - a royal jelly
 x - 4 chunks of flesh


   Skills:
 * Level 6.6 Fighting
 + Level 8.2 Axes
 + Level 4.8 Armour
 + Level 4.4 Dodging
 + Level 2.0 Stealth
 + Level 4.8 Shields


You had 7 spell levels left.
You didn't know any spells.

Dungeon Overview and Level Annotations

Branches:
Dungeon (7/15)             Temple (1/1) D:4

Altars:
Cheibriados
Elyvilon
Hepliaklqana
Nemelex Xobeh
Okawaru
Qazlal
Ru
Sif Muna
Trog
Uskayaw
Yredelemnul
Zin
The Shining One


Innate Abilities, Weirdness & Mutations

You reflexively headbutt those who attack you in melee.
You have a pair of horns on your head.
Your body sometimes deteriorates upon taking damage.
You are somewhat resistant to further mutation.


Message History

The orc closely misses you. The orc knight hits you with a halberd.
You hit the orc knight but do no damage.
You headbutt the orc knight.
The orc knight is severely wounded.
You block the orc's attack.
You hit the orc knight but do no damage.
Your headbutt misses the orc knight.
The orc knight is severely wounded.
The orc knight roars a battlecry!
The orc goes into a battle-frenzy!
The orc hits you from afar with a trident.
You block the orc knight's attack.
You hit the orc knight.
You headbutt the orc knight, but do no damage.
The orc knight is severely wounded.
You block the orc's attack.
You completely miss the orc knight.
The orc knight is severely wounded.
The orc knight hits you with a halberd!!
You die...

###########
##.........##
#..≈≈≈≈≈≈≈..##
..≈≈.o...≈≈..##
.≈≈.o###..≈≈..##########
≈≈.o## ##..≈≈..........#
≈.o##.∩.##..≈≈≈≈≈≈≈≈≈≈.#
..## ... ##...oo@....≈.#
### ##+###'#########.≈.#
##.≈.# ##..≈.# #
##..≈≈.# ≈ #'#..≈≈.∩# ≈.
#'#..≈≈.## .'#.##..≈≈.#
#...##..≈.#


You could see an orc knight and an orc.

Vanquished Creatures
  Prince Ribbit (D:6)
  A black bear (D:6)
  3 orc warriors
  A phantom (D:5)
  A scorpion (D:6)
  2 crimson imps (D:5)
  3 orc wizards
  A hound (D:6)
  2 orc priests (D:6)
  A centaur skeleton (D:5)
  An iguana (D:3)
  Terence (D:2)
  Natasha (thrice) (D:2)
  2 worker ants (D:6)
  9 adders
  2 shadow imps (D:5)
  A worm (D:3)
  2 dart slugs (D:1)
  2 leopard geckos
  16 orcs
  3 giant cockroaches
  9 goblins
  11 hobgoblins
  5 jackals
  2 ball pythons
  9 bats
  4 frilled lizards
  A jackal skeleton (D:4)
  5 kobolds
  8 rats
112 creatures vanquished.

Notes
Turn   | Place    | Note
-------+----------+-------------------------------------------
     0 | D:1      | bebealien the Minotaur Monk began the quest for the Orb.
     0 | D:1      | Reached XP level 1. HP: 19/19 MP: 0/0
   170 | D:1      | Reached skill level 4 in Axes
   170 | D:1      | Reached XP level 2. HP: 27/27 MP: 1/1
   412 | D:2      | Reached XP level 3. HP: 27/33 MP: 2/2
   443 | D:2      | Noticed Terence
   454 | D:2      | Killed Terence
   540 | D:2      | Reached XP level 4. HP: 41/41 MP: 3/3
   543 | D:2      | Noticed Natasha
   551 | D:2      | Killed Natasha
   711 | D:2      | Noticed Natasha
   719 | D:2      | Killed Natasha
   719 | D:2      | Reached skill level 1 in Armour
   728 | D:2      | Reached skill level 1 in Shields
   865 | D:2      | Noticed Natasha
   871 | D:2      | Killed Natasha
   871 | D:2      | Reached skill level 5 in Axes
   871 | D:2      | Reached XP level 5. HP: 41/47 MP: 4/4
   983 | D:3      | Reached skill level 5 in Fighting
  1632 | D:3      | Gained mutation: Your body sometimes deteriorates upon taking damage. [potion of mutation]
  1632 | D:3      | Gained mutation: You are somewhat resistant to further mutation. [potion of mutation]
  1678 | D:4      | Found a sacrificial altar of Ru.
  2124 | D:4      | Found a hide-covered altar of Uskayaw.
  2151 | D:4      | Found a staircase to the Ecumenical Temple.
  2163 | Temple   | Entered the Ecumenical Temple
  2183 | Temple   | Became a worshipper of the Shining One
  2183 | Temple   | Reached * piety under the Shining One
  2183 | Temple   | Reached ** piety under the Shining One
  2605 | D:5      | Entered Level 5 of the Dungeon
  2623 | D:5      | Reached XP level 6. HP: 49/56 MP: 5/5
  2784 | D:5      | Found a stormy altar of Qazlal.
  2886 | D:5      | Reached skill level 6 in Axes
  2927 | D:5      | Reached XP level 7. HP: 43/61 MP: 6/6
  3169 | D:5      | Found a bloodstained altar of Trog.
  3375 | D:6      | Reached skill level 7 in Axes
  3495 | D:6      | Noticed Prince Ribbit
  3507 | D:6      | Killed Prince Ribbit
  3507 | D:6      | Reached XP level 8. HP: 60/71 MP: 7/7
  3527 | D:6      | Reached skill level 8 in Axes
  3729 | D:6      | Found a basalt altar of Yredelemnul.
  3766 | D:6      | Found a deep blue altar of Sif Muna.
  3822 | D:7      | Found a flagged portal.
  3836 | Bailey   | Entered a bailey
  3899 | Bailey   | Noticed an orc knight
  4133 | Bailey   | HP: 3/71 [orc knight/halberd (20)]
  4141 | Bailey   | Slain by an orc knight

Skill      XL: |  1  2  3  4  5  6  7  8 |
---------------+-------------------------+-----
Axes           | 4 5 6 7 8 |  8.2
Fighting       | 4 5 6 |  6.6
Armour         | 1 2 3 4 |  4.8
Dodging        | 4 |  4.4
Shields        | 1 2 3 4 |  4.8
Stealth        | 2 |  2.0

Action                   |  1- 3 |  4- 6 |  7- 9 || total
-------------------------+-------+-------+-------++-------
Melee: Hand axe          |    74 |   203 |   167 ||   444
       Headbutt          |    13 |    27 |    40 ||    80
  Use: Scroll            |     4 |       |     4 ||     8
       Potion            |       |     5 |     8 ||    13
  Eat: Chunk             |       |     6 |     5 ||    11
Armor: Scale mail        |    34 |    76 |     8 ||   118
       Plate armour      |       |       |    73 ||    73
Dodge: Dodged            |    40 |    37 |    21 ||    98
Block: Large shield      |     8 |   144 |   160 ||   312
